 Dungeon Crawl Stone Soup version 0.25-a0-547-g27a0b5d1ef (webtiles) character file.

Game seed: 11347089340039976205, levelgen mode: deterministic

179 Eurus the Conjurer (level 5, -3/38 HPs)
             Began as a Mummy Conjurer on Feb 22, 2020.
             Was a Follower of Vehumet.
             Killed from afar by an orc wizard (8 damage)
             ... with a magic dart
             ... on level 3 of the Dungeon.
             The game lasted 00:08:33 (3210 turns).

Eurus the Conjurer (Mummy Conjurer)                 Turns: 3210, Time: 00:08:33

Health: -3/38      AC:  6    Str: 11    XL:     5   Next: 33%
Magic:  5/11       EV: 12    Int: 15    God:    Vehumet [*.....]
Gold:   107        SH:  0    Dex: 13    Spells: 8/12 levels left

rFire    x . .     SeeInvis .   m - +3 quarterstaff (chaos)
rCold    + . .     Gourm    .   (shield currently unavailable)
rNeg     + + +     Faith    .   a - +0 robe
rPois    ∞         Spirit   .   (no helmet)
rElec    .         Reflect  .   n - +0 cloak
rCorr    .         Harm     .   (no gloves)
MR       .....                  e - +2 pair of boots
Stlth    ++........             (no amulet)
HPRegen  0.12/turn              (no ring)
MPRegen  0.12/turn              (no ring)

@: no status effects
A: no food or potions, fire vulnerability, cold resistance 1, negative energy
resistance 3, torment resistance, unbreathing
a: Renounce Religion


You were on level 3 of the Dungeon.
You worshipped Vehumet.
Vehumet was aware of your devotion.
You were not hungry.

You visited 1 branch of the dungeon, and saw 3 of its levels.

You collected 107 gold pieces.

Inventory:

Hand Weapons
 g - a cursed -2 dagger
 m - a +3 quarterstaff of chaos (weapon)
Armour
 a - a +0 robe (worn)
 e - a +2 pair of boots (worn)
 n - a +0 cloak (worn)
Jewellery
 l - a cursed ring of attention {unknown}
Scrolls
 b - 2 scrolls of immolation {unknown}
 d - a scroll of enchant weapon {unknown}
 f - 6 scrolls of identify {unknown}
 h - a scroll of amnesia {unknown}
 i - 4 scrolls of teleportation {unknown}
 j - 3 scrolls of enchant armour {unknown}
 k - a scroll of remove curse {unknown}


   Skills:
 + Level 2.3 Fighting
 - Level 1.5 Dodging
 - Level 1.5 Stealth
 + Level 4.1 Spellcasting
 * Level 4.5 Conjurations


You had 8 spell levels left.
You knew the following spells:

 Your Spells              Type           Power        Failure   Level  Hunger
a - Magic Dart            Conj           ###.         2%          1    N/A
b - Searing Ray           Conj           ###...       4%          2    N/A
c - Freeze                Ice            #...         19%         1    N/A

Your spell library contained the following spells:

 Spells                   Type           Power        Failure   Level  Hunger
 Dazzling Flash           Conj/Hex       #.....       22%         3    N/A
 Fulminant Prism          Conj/Hex       #.........   56%         4    N/A
 Iskenderun's Mystic Bla  Conj/Tloc      #.......     56%         4    N/A

Dungeon Overview and Level Annotations

Branches:
Dungeon (3/15)

Altars:
Dithmenos
Sif Muna
Trog
Vehumet


Innate Abilities, Weirdness & Mutations

You do not eat or drink.
Your flesh is vulnerable to fire.
You are immune to poison.
Your flesh is cold resistant. (rC+)
You are immune to negative energy. (rN+++)
You are immune to unholy pain and torment.
You can survive without breathing.


Message History

Aiming: Magic Dart (safe; 2% risk of failure)
Press: ? - help, Shift-Dir - straight line, f/p - orc wizard
Aim: an orc wizard, wielding a +0 dagger and wearing a +0 robe (heavily wounded)
The magic dart hits the orc wizard.
The orc wizard is almost dead.
The orc wizard gestures at you while chanting.
The magic dart hits you!
The orc wizard gestures at you while chanting.
The puff of flame hits you! The fire burns you terribly!
* * * LOW HITPOINT WARNING * * *
Casting: Magic Dart (safe; 2% risk of failure)
Confirm with . or Enter, or press ? or * to list all spells.
Aiming: Magic Dart (safe; 2% risk of failure)
Press: ? - help, Shift-Dir - straight line, f/p - orc wizard
Aim: an orc wizard, wielding a +0 dagger and wearing a +0 robe (almost dead)
The magic dart hits the orc wizard but does no damage.
The orc wizard is almost dead.
The orc wizard casts a spell at you. The magic dart hits you!
You die...

##### #.oo# #.#
#≈≈§# #.# #...#
..#.# ... #.#.####
###'### #.#.##..
#.8.8.# #.#.##.#
#..@..# #.#.##..
##...########.......
##.##......#..†###.
#.........#.......
#.........#.......
#.........#.#>####
#...........#.#
#.........###.# ##
#.........# #.# #.


You could see 2 orc wizards.

Vanquished Creatures
  Crazy Yiuf (D:2)
  Natasha (D:3)
  6 adders
  2 worms (D:2)
  2 dart slugs (D:2)
  2 leopard geckos
  3 giant cockroaches
  7 goblins
  11 hobgoblins
  7 kobolds
  2 ball pythons
  9 bats
  A frilled lizard (D:1)
  A giant cockroach zombie (D:2)
  11 rats
66 creatures vanquished.

Notes
Turn   | Place    | Note
-------+----------+-------------------------------------------
     0 | D:1      | Eurus the Mummy Conjurer began the quest for the Orb.
     0 | D:1      | Reached XP level 1. HP: 13/13 MP: 4/4
   569 | D:1      | Reached XP level 2. HP: 20/20 MP: 3/5
   573 | D:1      | Learned a level 2 spell: Searing Ray
   797 | D:1      | Reached skill level 1 in Fighting
  1156 | D:2      | Found a radiant altar of Vehumet.
  1178 | D:2      | Became a worshipper of Vehumet
  1191 | D:2      | Found a bloodstained altar of Trog.
  1221 | D:2      | Found a shadowy altar of Dithmenos.
  1464 | D:2      | Reached XP level 3. HP: 22/26 MP: 3/7
  1795 | D:2      | Reached XP level 4. HP: 28/32 MP: 7/9
  2500 | D:2      | Reached * piety under Vehumet
  2500 | D:2      | Offered knowledge of Freeze by Vehumet.
  2503 | D:2      | Learned a level 1 spell: Freeze
  2669 | D:2      | Found a runed translucent door.
  2670 | D:2      | Noticed Crazy Yiuf
  2677 | D:2      | Killed Crazy Yiuf
  2921 | D:3      | Reached XP level 5. HP: 38/38 MP: 7/10
  3101 | D:3      | Noticed Natasha
  3105 | D:3      | Killed Natasha
  3191 | D:3      | Found a shimmering blue altar of Sif Muna.
  3210 | D:3      | Killed from afar by an orc wizard

Levels and vault maps discovered:
D:1:      lightli_arrival_quake, layout_rooms
D:2:      minmay_razor_zed, layout_loops_cross, fiery_altar_vehumet,
          grunt_dithmenos_smoke_and_mirrors, minmay_misc_feat_x, bloody_trog,
          uniq_crazy_yiuf_cottage
D:3:      layout_basic, led_sif_book, serial_park_tiny_2, uniq_natasha

Skill      XL: |  1  2  3  4  5 |
---------------+----------------+-----
Spellcasting   | 3 4 |  4.1
Fighting       | 1 2 |  2.3
Conjurations   | 4 |  4.5
Dodging        | |  1.5
Stealth        | |  1.5

Action                   |  1- 3 |  4- 6 || total
-------------------------+-------+-------++-------
Melee: Unarmed           |     3 |       ||     3
       Club              |    36 |    44 ||    80
       Quarterstaff      |       |    17 ||    17
 Cast: Magic Dart        |    47 |    18 ||    65
       Searing Ray       |     4 |     7 ||    11
 Stab: Sleeping          |       |     2 ||     2
Armor: Robe              |    13 |    44 ||    57
Dodge: Dodged            |    39 |    59 ||    98

Table legend:
 A = Non-vault XP
 B = Vault XP
 C = Vault XP percentage of total XP
 D = Non-vault monster count
 E = Vault monster count
 F = Vault count percentage of total count
                 A         B        C        D         E       F
            +---------+---------+-------+---------+---------+-------
      Total |     147 |     110 |  42.8 |      55 |      11 |  16.7
            +---------+---------+-------+---------+---------+-------
        D:1 |      34 |       0 |   0.0 |      22 |       0 |   0.0
        D:2 |      75 |      75 |  50.0 |      24 |      10 |  29.4
        D:3 |      38 |      35 |  47.9 |       9 |       1 |  10.0
            +---------+---------+-------+---------+---------+-------
